[Event "January 2 Early 2024"]
[Site "https://www.chess.com"]
[Date "2024.01.02"]
[Round "4"]
[White "Santos Flores, Alberto"]
[Black "Clawitter, Craig"]
[Result "0-1"]
[Board "208"]
[TimeControl "180+1"]
[WhiteFideId "3601234"]
[BlackFideId "2023105"]
[WhiteElo "2507"]
[BlackElo "2199"]
[WhiteTeam "ECU"]
[BlackTeam "USA"]
[WhiteClock "0:00:59"]
[BlackClock "0:00:15"]

1. e4 e6 2. d4 d5 3. Nc3 Bb4 4. e5 c5 5. a3 Bxc3+ 6. bxc3 Ne7 7. Nf3 Nbc6 8. a4 Qa5 9. Bd2 Bd7 10. Bd3 c4 11. Be2 f6 12. exf6 gxf6 13. O-O O-O-O 14. Qb1 Qc7 15. a5 a6 16. Qb6 Qxb6 17. axb6 Be8 18. Bf4 Bg6 19. Rac1 Kd7 20. Rfe1 Nf5 21. g4 Nd6 22. Nh4 Rhg8 23. h3 e5 24. Nxg6 Rxg6 25. dxe5 fxe5 26. Be3 Nb5 27. Bd2 Ne7 28. Bf3 Rf8 29. Bg2 Rgf6 30. f3 Ng6 31. Re3 Rxb6 32. Kh2 Re6 33. Kg3 Rfe8 34. Ree1 d4 35. cxd4 exd4 36. Rxe6 Rxe6 37. f4 Re2 38. Bb4 c3 39. f5 Ne5 40. Bd5 d3 41. cxd3 Nxd3 42. Rxc3 Nxc3 43. Bxc3 Nc5 44. f6 Re3+ 45. Kf4 Rxc3 46. g5 Ra3 47. h4 b5 48. h5 Ra4+ 49. Kf5 b4 50. g6 hxg6+ 51. hxg6 b3 52. g7 b2 53. g8=Q b1=Q+ 54. Ke5 Re4+ 55. Bxe4 Qxe4# 0-1

[Event "January 2 Early 2024"]
[Site "https://www.chess.com"]
[Date "2024.01.02"]
[Round "4"]
[White "Sidletskyi, Ivan"]
[Black "Gutierrez Carmona, Juan Alejandro"]
[Result "1-0"]
[Board "209"]
[TimeControl "180+1"]
[WhiteFideId "14156024"]
[BlackFideId "5106770"]
[WhiteElo "2474"]
[BlackElo "2195"]
[WhiteTeam "UKR"]
[BlackTeam "MEX"]
[WhiteClock "0:01:15"]
[BlackClock "0:00:03"]

1. Nc3 Nf6 2. Nf3 e6 3. e3 d5 4. d4 Bd6 5. Bd3 O-O 6. O-O c5 7. dxc5 Bxc5 8. e4 dxe4 9. Nxe4 Be7 10. Bf4 Nd5 11. Bd2 Nc6 12. a3 e5 13. c4 Nf6 14. Nxf6+ Bxf6 15. Qc2 h6 16. Rad1 Bg4 17. Be4 Bxf3 18. Bxf3 Nd4 19. Qe4 Qc7 20. Bb4 Rfc8 21. Qxb7 Qxc4 22. Bd5 Qe2 23. Qxf7+ Kh8 24. Bxa8 Rxa8 25. Bc3 Qg4 26. Bxd4 exd4 27. Qd5 Rb8 28. b4 Qg6 29. Qf3 Rd8 30. Qd3 Qf7 31. Rde1 Qd5 32. Re4 Rd7 33. Rfe1 Rd8 34. Re8+ 1-0

[Event "January 2 Early 2024"]
[Site "https://www.chess.com"]
[Date "2024.01.02"]
[Round "4"]
[White "Zhuk, Valeriy"]
[Black "Sailer, Mike"]
[Result "0-1"]
[Board "210"]
[TimeControl "180+1"]
[WhiteFideId "24151254"]
[BlackFideId "2012901"]
[WhiteElo "2412"]
[BlackElo "2180"]
[WhiteTeam "RUS"]
[BlackTeam "USA"]
[WhiteClock "0:00:00"]
[BlackClock "0:00:04"]

1. e4 d5 2. exd5 Qxd5 3. Nc3 Qd6 4. d4 c6 5. Nf3 Nf6 6. Ne5 Nbd7 7. Bf4 Nxe5 8. dxe5 Qxd1+ 9. Rxd1 Nh5 10. Be3 g6 11. h3 Ng7 12. g4 h5 13. Rg1 hxg4 14. hxg4 Ne6 15. a4 Bg7 16. f4 Rh2 17. Rg2 Rxg2 18. Bxg2 g5 19. fxg5 Bxe5 20. a5 Bd7 21. a6 b6 22. Ne4 Rd8 23. c3 c5 24. Nd2 Nf4 25. Bxf4 Bxf4 26. Nc4 Bxg5 27. Nxb6 axb6 28. a7 Bh4+ 29. Ke2 Bxg4+ 30. Bf3 Bxf3+ 31. Kxf3 Ra8 32. Rh1 Rxa7 33. Rxh4 e6 34. b4 Rc7 35. b5 Ke7 36. Ke4 Ra7 37. Rh8 Rb7 38. c4 Kd6 39. Rf8 f5+ 40. Kf4 Ke7 41. Rc8 Kf6 42. Rc6 Rh7 43. Rxb6 Rh4+ 44. Ke3 Rxc4 45. Rc6 Ke5 46. b6 Rc3+ 47. Kd2 Rb3 48. Rxc5+ Ke4 49. Rc8 Rxb6 50. Re8 e5 51. Ke2 Rb2+ 52. Kd1 f4 53. Kc1 Ra2 54. Kd1 f3 55. Ke1 Kf4 56. Rb8 e4 57. Kf1 Rd2 58. Ke1 Ke3 59. Rb3+ Rd3 60. Rb1 Rc3 61. Rd1 Kf4 62. Kf1 e3 63. Rd4+ Kg3 0-1

[Event "January 2 Early 2024"]
[Site "https://www.chess.com"]
[Date "2024.01.02"]
[Round "4"]
[White "Thiel, Thomas"]
[Black "Marchesich, Giovanni"]
[Result "0-1"]
[Board "211"]
[TimeControl "180+1"]
[WhiteFideId "4615964"]
[BlackFideId "2824790"]
[WhiteElo "2176"]
[BlackElo "2368"]
[WhiteTeam "GER"]
[BlackTeam "ITA"]
[WhiteClock "0:00:55"]
[BlackClock "0:01:01"]

1. e4 e5 2. Nf3 Nc6 3. d4 d6 4. dxe5 Nxe5 5. Nxe5 dxe5 6. Qxd8+ Kxd8 7. Bc4 f6 8. f4 Bd6 9. f5 h5 10. Nd2 c6 11. Nf3 Kc7 12. Nh4 Ne7 13. Bd2 b5 14. Ba5+ Kb7 15. Bf7 Bd7 16. O-O-O Nc8 17. Ng6 Rh6 18. Bd2 Kc7 19. Bxh6 gxh6 20. Nh4 Nb6 21. b3 a5 22. Bxh5 a4 23. Kb1 c5 24. Be2 c4 25. Nf3 Bc6 26. Nd2 axb3 27. cxb3 c3 28. Nf3 Bxe4+ 29. Bd3 Bc6 30. Bc2 Nd5 31. Rhe1 Nf4 32. Re3 b4 33. g3 Nd5 34. Ne1 Nxe3 0-1

[Event "January 2 Early 2024"]
[Site "https://www.chess.com"]
[Date "2024.01.02"]
[Round "4"]
[White "Hoffmann, Asa"]
[Black "Tagliati, Eleonore"]
[Result "0-1"]
[Board "212"]
[TimeControl "180+1"]
[WhiteFideId "2001470"]
[BlackFideId "45172234"]
[WhiteElo "2366"]
[BlackElo "2162"]
[WhiteTeam "USA"]
[BlackTeam "FRA"]
[WhiteClock "0:01:01"]
[BlackClock "0:01:07"]

1. d4 d5 2. Bg5 Nf6 3. Nd2 Bf5 4. f3 Nbd7 5. c3 h6 6. Bh4 e6 7. e4 dxe4 8. fxe4 Bh7 9. e5 g5 10. Bg3 Ne4 11. Nxe4 Bxe4 12. Nf3 Be7 13. Bd3 Bxd3 14. Qxd3 Nb6 15. O-O-O Qd5 16. Kb1 O-O-O 17. b3 h5 18. h4 g4 19. Nd2 Qxg2 20. Rhf1 Rhf8 21. Ne4 Nd5 22. Rf2 Qxe4 23. Kb2 Qxd3 24. Rxd3 f5 25. exf6 Rxf6 26. Re2 Nf4 27. Bxf4 Rxf4 28. Rxe6 Bxh4 29. Rh6 Rf5 30. c4 Bf2 31. d5 g3 32. Rg6 h4 33. Rf3 Rxf3 0-1

[Event "January 2 Early 2024"]
[Site "https://www.chess.com"]
[Date "2024.01.02"]
[Round "4"]
[White "Novak, Ratko"]
[Black "Petersson, Kjell"]
[Result "1-0"]
[Board "213"]
[TimeControl "180+1"]
[WhiteFideId "14511827"]
[BlackFideId "1705148"]
[WhiteElo "2364"]
[BlackElo "2152"]
[WhiteTeam "CRO"]
[BlackTeam "SWE"]
[WhiteClock "0:01:42"]
[BlackClock "0:00:01"]

1. d4 f5 2. c4 Nf6 3. Nc3 e6 4. f3 Bb4 5. Bg5 Bxc3+ 6. bxc3 h6 7. Bh4 d6 8. e3 b6 9. Bd3 Bb7 10. d5 Qe7 11. Qc2 exd5 12. Bxf5 Qxe3+ 13. Ne2 Nbd7 14. Bg6+ Kd8 15. Bf2 Qe7 16. O-O Ne5 17. Nd4 dxc4 18. Rfe1 c5 19. f4 cxd4 20. Bxd4 Qd7 21. fxe5 Ne8 22. Rad1 Qc6 23. exd6 Nxd6 24. Be5 Kc8 25. Rxd6 Qc5+ 26. Kh1 Rd8 27. Bf5+ Kc7 1-0

[Event "January 2 Early 2024"]
[Site "https://www.chess.com"]
[Date "2024.01.02"]
[Round "4"]
[White "Viana, Valeria"]
[Black "Schuh, Karsten"]
[Result "0-1"]
[Board "214"]
[TimeControl "180+1"]
[WhiteFideId "8407100"]
[BlackFideId "4637950"]
[WhiteElo "2151"]
[BlackElo "2364"]
[WhiteTeam "HON"]
[BlackTeam "GER"]
[WhiteClock "0:00:47"]
[BlackClock "0:01:44"]

1. e4 c5 2. Nf3 Nc6 3. d4 cxd4 4. Nxd4 Qc7 5. Nc3 e6 6. a3 Nf6 7. Be2 a6 8. O-O Be7 9. Kh1 d6 10. f4 Bd7 11. Be3 O-O 12. Qd2 Rfd8 13. Rad1 b5 14. Nf3 Rac8 15. Ng5 Na5 16. f5 e5 17. Nf3 Nc4 18. Qc1 Nxa3 19. Qa1 Nxc2 20. Bg1 Nxa1 0-1

[Event "January 2 Early 2024"]
[Site "https://www.chess.com"]
[Date "2024.01.02"]
[Round "4"]
[White "Gerbelli Neto, Eduardo"]
[Black "Mende, Andreas"]
[Result "0-1"]
[Board "215"]
[TimeControl "180+1"]
[WhiteFideId "2103281"]
[BlackFideId "4631102"]
[WhiteElo "2360"]
[BlackElo "2144"]
[WhiteTeam "BRA"]
[BlackTeam "GER"]
[WhiteClock "0:00:00"]
[BlackClock "0:01:01"]

1. e4 c5 2. Nc3 Nc6 3. f4 g6 4. Nf3 Bg7 5. Bc4 e6 6. f5 Nge7 7. fxe6 fxe6 8. d3 O-O 9. O-O d5 10. Bb3 b5 11. Nxb5 Qb6 12. c4 dxe4 13. dxe4 a6 14. Nc3 Nd4 15. Bg5 Nec6 16. Na4 Qa7 17. Be3 Nxb3 18. axb3 Nd4 19. Qe1 Bb7 20. Qh4 Nxb3 21. Ra3 Nd4 22. Ng5 Rxf1+ 23. Kxf1 h6 24. Nf3 g5 25. Qg3 Bxe4 26. Qd6 Bxf3 27. gxf3 Qf7 28. Bxd4 cxd4 29. Nc5 Re8 30. Ne4 e5 31. Kg2 Rf8 32. Qxa6 g4 0-1

[Event "January 2 Early 2024"]
[Site "https://www.chess.com"]
[Date "2024.01.02"]
[Round "4"]
[White "Kekic, Armin"]
[Black "Latreche, Khadidja"]
[Result "0-1"]
[Board "216"]
[TimeControl "180+1"]
[WhiteFideId "14401274"]
[BlackFideId "7901780"]
[WhiteElo "2336"]
[BlackElo "2108"]
[WhiteTeam "BIH"]
[BlackTeam "ALG"]
[WhiteClock "0:00:00"]
[BlackClock "0:00:06"]

1. e4 c5 2. Nf3 e6 3. d4 cxd4 4. Nxd4 Nc6 5. Nxc6 bxc6 6. Bd3 d5 7. O-O Bd6 8. Nc3 Ne7 9. Qe2 d4 10. Nb1 e5 11. Nd2 O-O 12. Nc4 Bc7 13. b3 c5 14. a4 Rb8 15. Bd2 Ng6 16. Qh5 Qh4 17. Qxh4 Nxh4 18. Na5 Bd7 19. Rae1 Rfe8 20. Nc4 Ng6 21. g3 Bh3 22. f4 Bxf1 23. Rxf1 exf4 24. gxf4 f6 25. Kg2 Re7 26. Kg3 Rbe8 27. Kf3 Nh4+ 28. Kg4 Ng6 29. Kf3 Nf8 30. h4 g6 31. Rg1 Kh8 32. Rh1 Ne6 33. Rg1 Ng7 34. Rh1 Nh5 35. Rg1 Ng7 36. Rg2 Nh5 37. Rg1 Rg7 38. b4 cxb4 39. Bxb4 Rf7 40. Bc5 Nxf4 41. Bxd4 Nxd3 42. cxd3 a6 43. a5 Rd8 44. Ke3 Kg7 45. Bb6 Be5 46. Rb1 Rc8 47. Rb4 Bg3 48. d4 Rd7 49. d5 Bxh4 50. Bd4 Bg5+ 51. Kd3 h5 52. Rb6 h4 53. e5 h3 54. exf6+ Kh6 55. Ne5 Rxd5 56. Nf7+ Kh5 57. Nxg5 Kxg5 58. f7 Rf8 59. Rxa6 h2 60. Rf6 Rxd4+ 0-1

[Event "January 2 Early 2024"]
[Site "https://www.chess.com"]
[Date "2024.01.02"]
[Round "4"]
[White "Seder, Mohammed"]
[Black "Subramanian, Anusha"]
[Result "0-1"]
[Board "217"]
[TimeControl "180+1"]
[WhiteFideId "11505567"]
[BlackFideId "477710"]
[WhiteElo "2328"]
[BlackElo "2107"]
[WhiteTeam "PLE"]
[BlackTeam "ENG"]
[WhiteClock "0:00:00"]
[BlackClock "0:00:02"]

1. b3 e5 2. Bb2 Nc6 3. e3 d5 4. Bb5 Bd6 5. f4 Qh4+ 6. g3 Qe7 7. Nf3 f6 8. Nc3 Be6 9. d3 a6 10. Bxc6+ bxc6 11. Qe2 a5 12. h3 Nh6 13. O-O-O O-O 14. Kb1 Rfb8 15. Na4 Ba3 16. Ba1 Qb4 17. Nc3 a4 18. fxe5 axb3 19. cxb3 fxe5 20. d4 e4 21. Ng5 Qd6 22. Nxe6 Qxe6 23. g4 Nf7 24. h4 Nd6 25. Rhf1 Nb5 26. Nxb5 Rxb5 27. Rf2 Be7 28. Rdf1 Bxh4 29. Rf5 Rba5 30. g5 h6 31. gxh6 Rxa2 32. Qxa2 Rxa2 33. Kxa2 Qxh6 34. Rf8+ Kh7 35. R8f4 Bg5 36. Rf7 Bxe3 37. Rxc7 Bd2 38. Rff7 e3 39. Rfe7 Qg5 40. Bb2 Qg2 0-1

[Event "January 2 Early 2024"]
[Site "https://www.chess.com"]
[Date "2024.01.02"]
[Round "4"]
[White "Novikova, Margarita"]
[Black "Diaz, Fernando"]
[Result "0-1"]
[Board "218"]
[TimeControl "180+1"]
[WhiteFideId "14109689"]
[BlackFideId "3701255"]
[WhiteElo "2106"]
[BlackElo "2291"]
[WhiteTeam "GER"]
[BlackTeam "PAR"]
[WhiteClock "0:00:43"]
[BlackClock "0:01:05"]

1. e4 e6 2. d4 d5 3. exd5 exd5 4. Bd3 c6 5. Nf3 Bd6 6. O-O Ne7 7. Re1 O-O 8. b3 Bf5 9. c4 Bxd3 10. Qxd3 Nd7 11. Bg5 f6 12. Bh4 Ng6 13. Bg3 Qc7 14. c5 Bf4 15. Nbd2 Rae8 16. b4 Bxg3 17. hxg3 Kf7 18. a4 Nb8 19. b5 a6 20. Qf5 Qd7 21. g4 Qxf5 22. gxf5 Nf4 23. Reb1 g5 24. fxg6+ hxg6 25. bxa6 bxa6 26. Rb7+ Re7 27. Rab1 g5 28. Rxb8 Rxb8 29. Rxb8 g4 30. Nh2 Re1+ 31. Nhf1 Ne2+ 32. Kh2 Nxd4 33. Kg3 f5 34. Kf4 Kf6 35. Rf8+ Kg7 36. Rd8 Ne6+ 37. Kxf5 Nxd8 38. Kxg4 Ra1 39. f4 Rxa4 40. Kf5 Kf7 41. g4 Ne6 42. Ke5 Rxf4 43. g5 Rf2 44. g6+ Ke7 45. g7 Nxg7 46. Ng3 Rxd2 0-1

[Event "January 2 Early 2024"]
[Site "https://www.chess.com"]
[Date "2024.01.02"]
[Round "4"]
[White "Martin, Lewis"]
[Black "Dahlgren, James Allen"]
[Result "1-0"]
[Board "219"]
[TimeControl "180+1"]
[WhiteFideId "410551"]
[BlackFideId "22256873"]
[WhiteElo "2290"]
[BlackElo "2102"]
[WhiteTeam "ENG"]
[BlackTeam "ESP"]
[WhiteClock "0:00:53"]
[BlackClock "0:00:04"]

1. c4 e6 2. g3 d5 3. Bg2 Nf6 4. Nf3 c5 5. cxd5 exd5 6. d4 Nc6 7. O-O Be6 8. Nc3 cxd4 9. Nxd4 Be7 10. Bg5 O-O 11. Rc1 h6 12. Bxf6 Bxf6 13. Nb3 d4 14. Nb5 Bd5 15. Bxd5 Qxd5 16. Nc7 Qd7 17. Nxa8 Rxa8 18. Nc5 Qe7 19. Nd3 Re8 20. Re1 Qd6 21. Qa4 a6 22. Kf1 Qd5 23. Kg1 g6 24. Rc5 Qd7 25. b4 Qe6 26. b5 axb5 27. Rxb5 Re7 28. Qb3 Qc8 29. Nf4 Ne5 30. Nd5 Re6 31. Nxf6+ Rxf6 32. Rxe5 1-0

[Event "January 2 Early 2024"]
[Site "https://www.chess.com"]
[Date "2024.01.02"]
[Round "4"]
[White "Nikulina, Alena"]
[Black "Alonso Garcia, Rene Marcial"]
[Result "1-0"]
[Board "220"]
[TimeControl "180+1"]
[WhiteFideId "4172051"]
[BlackFideId "3500276"]
[WhiteElo "2064"]
[BlackElo "2285"]
[WhiteTeam "RUS"]
[BlackTeam "FID"]
[WhiteClock "0:00:04"]
[BlackClock "0:00:00"]

1. e4 e5 2. Nf3 Nc6 3. Bb5 a6 4. Ba4 Nf6 5. O-O b5 6. Bb3 Bb7 7. Re1 Bc5 8. c3 d6 9. d4 Bb6 10. a4 h6 11. axb5 axb5 12. Rxa8 Qxa8 13. Na3 O-O 14. Nxb5 exd4 15. Nbxd4 Nxd4 16. Nxd4 Bxe4 17. f3 Bg6 18. Kh1 Re8 19. Rxe8+ Qxe8 20. Bf4 Bxd4 21. cxd4 Qb5 22. h3 Bd3 23. Kh2 Bc4 24. Bxc4 Qxc4 25. b3 Qe6 26. Qc2 Nd5 27. Bg3 h5 28. h4 g6 29. b4 Qe3 30. Qc4 Qe6 31. b5 Ne3 32. Qd3 Nf5 33. Bf2 Qd5 34. Qc3 Qxb5 35. Qxc7 Qe2 36. Bg3 Ne3 37. Qd8+ Kh7 38. Bf2 Qxf2 39. Qg5 Nf5 40. Kh3 Qxd4 41. g4 hxg4+ 42. fxg4 Qe3+ 43. Kh2 Qxg5 44. hxg5 Ne7 45. Kg3 1-0

[Event "January 2 Early 2024"]
[Site "https://www.chess.com"]
[Date "2024.01.02"]
[Round "4"]
[White "Brandao, Marcius Gomes"]
[Black "Onslow, Alfie"]
[Result "0-1"]
[Board "221"]
[TimeControl "180+1"]
[WhiteFideId "2124980"]
[BlackFideId "436976"]
[WhiteElo "2056"]
[BlackElo "2276"]
[WhiteTeam "BRA"]
[BlackTeam "ENG"]
[WhiteClock "0:00:00"]
[BlackClock "0:00:18"]

1. d4 Nf6 2. c4 c5 3. d5 b5 4. cxb5 a6 5. bxa6 g6 6. Nc3 Bxa6 7. e4 Bxf1 8. Kxf1 Bg7 9. e5 Ng8 10. Nf3 d6 11. Bf4 Qb6 12. Qe2 dxe5 13. Bxe5 Bxe5 14. Qxe5 Nf6 15. g3 O-O 16. Kg2 Nbd7 17. Qe2 Rfb8 18. Rab1 Qa6 19. Rhe1 Nb6 20. Qxe7 Nbxd5 21. Nxd5 Nxd5 22. Qxc5 Nb4 23. Re7 Qxa2 24. Rbe1 Nd3 25. Qc7 Nxe1+ 26. Nxe1 Rxb2 27. Nd3 Qd5+ 0-1

[Event "January 2 Early 2024"]
[Site "https://www.chess.com"]
[Date "2024.01.02"]
[Round "4"]
[White "neri_gaite"]
[Black "Sava, Christiansen-Danut-Eugen"]
[Result "1/2-1/2"]
[Board "222"]
[TimeControl "180+1"]
[BlackFideId "1210114"]
[WhiteElo "2012"]
[BlackElo "2263"]
[BlackTeam "ROU"]
[WhiteClock "0:00:13"]
[BlackClock "0:00:21"]

1. d4 Nf6 2. c4 g6 3. Nc3 d5 4. cxd5 Nxd5 5. e4 Nxc3 6. bxc3 Bg7 7. Qa4+ c6 8. Qa3 O-O 9. Bg5 c5 10. Qxc5 Nc6 11. Bb5 Bd7 12. Bxc6 Bxc6 13. d5 Qb6 14. Qxb6 axb6 15. Ne2 f6 16. Be3 Bb5 17. Kd2 Rfc8 18. Nd4 Bd7 19. Rhb1 f5 20. f3 fxe4 21. fxe4 Ra3 22. Rb3 Ra6 23. a3 Rca8 24. Kc2 Be5 25. g3 Bc7 26. Kb2 Kf7 27. Nb5 Bxb5 28. Rxb5 Ra4 29. Rb4 e6 30. Rf1+ Ke7 31. Bg5+ Kd6 32. Bf4+ e5 33. Bh6 Kc5 34. Bf8+ Bd6 35. Bxd6+ Kxd6 36. Rf7 Kc5 37. Rxb7 Rxb4+ 38. axb4+ Kc4 39. Rc7+ Kd3 40. Rxh7 Kxe4 41. d6 Kf5 42. c4 Rc8 43. d7 Rd8 44. c5 bxc5 45. bxc5 Ke6 46. c6 Kd6 47. Rg7 Kxc6 48. Rxg6+ Kxd7 49. Rg5 Ke6 50. h4 e4 51. Rg4 Ke5 52. Rg7 Rd6 53. Re7+ Kd4 54. Kc2 Ke3 55. h5 Kf3 56. h6 Kxg3 57. h7 Rh6 58. Rg7+ Kf3 59. Kd2 e3+ 60. Kd3 e2 61. Rf7+ Kg4 62. Rg7+ Kf5 63. Kxe2 Kf6 64. Ra7 Kg6 65. Ra6+ Kxh7 66. Rxh6+ Kxh6 1/2-1/2

[Event "January 2 Early 2024"]
[Site "https://www.chess.com"]
[Date "2024.01.02"]
[Round "4"]
[White "Desideri, Ricardo Maruchi"]
[Black "Lopez Del Alamo, Antonio"]
[Result "0-1"]
[Board "223"]
[TimeControl "180+1"]
[WhiteFideId "2110440"]
[BlackFideId "2227339"]
[WhiteElo "1982"]
[BlackElo "2263"]
[WhiteTeam "BRA"]
[BlackTeam "ESP"]
[WhiteClock "0:00:42"]
[BlackClock "0:01:46"]

1. e4 c5 2. Nf3 e6 3. d4 cxd4 4. Nxd4 Nf6 5. Nc3 Nc6 6. Be3 Bb4 7. Nxc6 bxc6 8. Qd4 c5 9. Qd3 d5 10. exd5 exd5 11. a3 Bxc3+ 12. bxc3 O-O 13. Be2 a5 14. Bxc5 Ba6 15. Qd2 Re8 16. Be3 Ne4 17. Qd4 Bxe2 18. Kxe2 Qd7 19. f3 Nd6 20. g4 Nc4 0-1

[Event "January 2 Early 2024"]
[Site "https://www.chess.com"]
[Date "2024.01.02"]
[Round "4"]
[White "Burdalev, Kirill"]
[Black "Smirnov, Timofey"]
[Result "0-1"]
[Board "224"]
[TimeControl "180+1"]
[WhiteFideId "14121913"]
[BlackFideId "24176427"]
[WhiteElo "2262"]
[BlackElo "1977"]
[WhiteTeam "CZE"]
[BlackTeam "RUS"]
[WhiteClock "0:00:03"]
[BlackClock "0:00:03"]

1. d4 d5 2. c4 c6 3. Nc3 Nf6 4. e3 a6 5. Nf3 e6 6. b3 Bb4 7. Bd2 Qa5 8. Rc1 O-O 9. Bd3 dxc4 10. bxc4 Nbd7 11. O-O b5 12. c5 Nd5 13. Ne4 Bxd2 14. Nfxd2 N7f6 15. Nd6 Ne8 16. e4 Nc3 17. Bb1 Nxd1 18. Rfxd1 Nxd6 19. cxd6 Qd8 20. e5 Bb7 21. Ne4 Rc8 22. Nc5 Ba8 23. f4 Qb6 24. Nd7 Qd8 25. Nc5 Re8 26. Be4 Qb6 27. g3 Red8 28. Kg2 a5 29. a3 a4 30. Rb1 f6 31. Nxe6 Rd7 32. Nc5 Rcd8 33. Rdc1 Qa7 34. Rb4 fxe5 35. dxe5 h6 36. h4 Re8 37. h5 Rf8 38. Rd4 Rfd8 39. Rcd1 Qxc5 40. g4 Qxa3 41. R1d3 Qc5 42. g5 Qa7 43. gxh6 gxh6 44. Kh3 Rg7 45. f5 Rdd7 46. f6 Rg5 47. Bg6 Rxg6 48. hxg6 c5 49. e6 cxd4 50. f7+ Kg7 51. e7 Rxe7 52. dxe7 Qxe7 53. Rxd4 Qe3+ 54. Kh4 Qxd4+ 55. Kh5 Qe3 0-1

[Event "January 2 Early 2024"]
[Site "https://www.chess.com"]
[Date "2024.01.02"]
[Round "4"]
[White "Brejnik, Gustav"]
[Black "Zepeda Berlanga, Jan Enrique"]
[Result "1-0"]
[Board "225"]
[TimeControl "180+1"]
[WhiteFideId "362662"]
[BlackFideId "5132355"]
[WhiteElo "2243"]
[BlackElo "1961"]
[WhiteTeam "CZE"]
[BlackTeam "MEX"]
[WhiteClock "0:00:59"]
[BlackClock "0:00:44"]

1. c4 Nf6 2. Nc3 g6 3. g3 Bg7 4. Bg2 O-O 5. d4 d6 6. Nf3 Nc6 7. O-O e5 8. Be3 Ng4 9. Bg5 f6 10. Bc1 f5 11. dxe5 d5 12. Qxd5+ Qxd5 13. Nxd5 Rf7 14. Ng5 Ngxe5 15. Nxf7 Kxf7 16. Nxc7 Rb8 17. Bf4 Be6 18. Nxe6 Kxe6 19. Rfd1 Rd8 20. b3 b6 21. h4 Nd4 22. Bd5+ Ke7 23. Bg5+ 1-0

[Event "January 2 Early 2024"]
[Site "https://www.chess.com"]
[Date "2024.01.02"]
[Round "4"]
[White "Thake, Conrad"]
[Black "Chirivi C, Jenny Astrid"]
[Result "0-1"]
[Board "226"]
[TimeControl "180+1"]
[WhiteFideId "5602947"]
[BlackFideId "4403061"]
[WhiteElo "1877"]
[BlackElo "2238"]
[WhiteTeam "MLT"]
[BlackTeam "COL"]
[WhiteClock "0:00:14"]
[BlackClock "0:00:10"]

1. e4 c5 2. Nf3 e6 3. c4 Nc6 4. Nc3 g6 5. d4 cxd4 6. Nxd4 Nf6 7. Be3 Bg7 8. Be2 O-O 9. O-O a6 10. Qd2 Qc7 11. f4 d6 12. Nxc6 Qxc6 13. Qd4 Ng4 14. Qd2 Nxe3 15. Qxe3 Qc5 16. Qxc5 dxc5 17. e5 Bd7 18. Rfd1 Bc6 19. Kf2 Rfd8 20. Bf3 Bxf3 21. Kxf3 f6 22. Ke4 Rac8 23. Rxd8+ Rxd8 24. Rd1 Rxd1 25. Nxd1 Kf7 26. a4 b6 27. Nf2 Ke7 28. Nd3 Kd7 29. g4 Kc6 30. h4 b5 31. axb5+ axb5 32. cxb5+ Kxb5 33. exf6 Bxf6 34. g5 Bh8 35. Ne5 Kb4 36. Nd3+ Kc4 37. Ne5+ Kb3 38. Nd7 c4 39. Nf8 Kxb2 40. Nxe6 c3 41. Nc5 c2 42. Nd3+ Kc3 43. Nc1 Kc4 44. f5 gxf5+ 45. Kxf5 Bb2 46. Ne2 Kd3 47. Nf4+ Kd2 48. g6 hxg6+ 49. Kxg6 c1=Q 50. h5 Qc6+ 51. Kg5 Qc5+ 52. Kg6 Ke3 53. Ne6 Qc6 54. Kf7 Qd7+ 55. Kf8 Qxe6 56. h6 Qxh6+ 57. Kg8 Qg7# 0-1

[Event "January 2 Early 2024"]
[Site "https://www.chess.com"]
[Date "2024.01.02"]
[Round "4"]
[White "Babayeva, Nasrin"]
[Black "Delgado Kuffo, Andres"]
[Result "1/2-1/2"]
[Board "227"]
[TimeControl "180+1"]
[WhiteFideId "13416626"]
[BlackFideId "3600475"]
[WhiteElo "1797"]
[BlackElo "2233"]
[WhiteTeam "AZE"]
[BlackTeam "ECU"]
[WhiteClock "0:00:15"]
[BlackClock "0:00:11"]

1. e4 e6 2. Qe2 c5 3. f4 Nc6 4. c3 g6 5. d3 Bg7 6. Nf3 Nge7 7. Be3 d6 8. Nbd2 O-O 9. Qf2 b5 10. d4 b4 11. Bb5 bxc3 12. bxc3 Qa5 13. Bxc6 Nxc6 14. O-O Qxc3 15. Rfc1 Qd3 16. Ne1 Qxd4 17. Bxd4 Bxd4 18. Nc4 Bxf2+ 19. Kxf2 Rd8 20. Rd1 Nd4 21. Nf3 Ba6 22. Nxd4 cxd4 23. Rxd4 Bxc4 24. Rxc4 Rac8 25. Rac1 Rxc4 26. Rxc4 d5 27. exd5 Rxd5 28. Ra4 a5 29. Ke3 h5 30. g3 Kg7 31. Rc4 Kf6 32. Rc7 Rb5 33. Ra7 Rb2 34. Rxa5 Rxh2 35. a4 Ra2 36. Ra7 Ra3+ 37. Kf2 Kf5 38. Rxf7+ Kg4 39. Rf6 Ra2+ 40. Ke3 Kxg3 41. Rxg6+ Kh4 42. Rxe6 Rxa4 43. f5 Kg5 44. f6 Kg6 45. Kf3 Kf7 46. Re5 h4 47. Rf5 Rb4 48. Rf4 Rxf4+ 49. Kxf4 Kxf6 50. Kg4 Kg6 51. Kxh4 1/2-1/2

[Event "January 2 Early 2024"]
[Site "https://www.chess.com"]
[Date "2024.01.02"]
[Round "4"]
[White "Merikard"]
[Black "Gulamirian, Korun"]
[Result "1-0"]
[Board "228"]
[TimeControl "180+1"]
[BlackFideId "4144899"]
[WhiteElo "2233"]
[BlackElo "1557"]
[BlackTeam "RUS"]
[WhiteClock "0:01:01"]
[BlackClock "0:00:00"]

1. d4 Nf6 2. c4 c5 3. d5 b5 4. cxb5 a6 5. b6 Qxb6 6. Nc3 d6 7. e4 Nbd7 8. Nf3 g6 9. Nd2 Bg7 10. Nc4 Qc7 11. Be2 Bb7 12. O-O O-O 13. h3 Rfb8 14. Bg5 Bc8 15. Rb1 Qd8 16. Re1 Nb6 17. Na5 Bd7 18. Qd2 Na4 19. Nxa4 Bxa4 20. b3 Nxe4 21. Qe3 Nxg5 22. Nc6 Bxc6 23. dxc6 Ne6 24. Bg4 Qc8 25. Rbd1 Bd4 26. Qh6 Qxc6 27. Re2 Bg7 28. Qh4 d5 29. Rde1 Bf6 30. Qg3 Nd4 31. Rd2 e5 32. h4 e4 33. h5 1-0

[Event "January 2 Early 2024"]
[Site "https://www.chess.com"]
[Date "2024.01.02"]
[Round "5"]
[White "Xiong, Jeffery"]
[Black "Nakamura, Hikaru"]
[Result "1-0"]
[Board "1"]
[TimeControl "180+1"]
[WhiteFideId "2047640"]
[BlackFideId "2016192"]
[WhiteElo "3034"]
[BlackElo "3242"]
[WhiteTeam "USA"]
[BlackTeam "USA"]
[WhiteClock "0:01:02"]
[BlackClock "0:00:48"]

1. e4 b6 2. d4 Bb7 3. Bd3 e6 4. Nf3 d5 5. e5 c5 6. c3 Qd7 7. Nbd2 Ba6 8. Nf1 cxd4 9. Bxa6 Nxa6 10. cxd4 O-O-O 11. a3 Qb5 12. Ng3 Kb7 13. Ne2 Ne7 14. O-O h6 15. Nc3 Qd7 16. Qd3 g5 17. Bd2 Nf5 18. b4 g4 19. Ne1 h5 20. Nc2 Nb8 21. b5 Rc8 22. a4 Be7 23. a5 bxa5 24. Rxa5 Bd8 25. Ra2 Rc4 26. Rfa1 Bb6 27. Na4 Kc8 28. Nxb6+ axb6 29. Ra7 Rc7 30. Rxc7+ Qxc7 31. Nb4 Qb7 32. Nc6 Nxc6 33. bxc6 Qxc6 34. Rc1 Qxc1+ 35. Bxc1 Kb7 36. h3 gxh3 37. g3 Rg8 38. Kh2 h4 39. Bf4 hxg3+ 40. fxg3 Rh8 41. g4 Ne7 42. Bg5 Ng6 43. Qb5 Kc7 44. Qa4 1-0